 Dungeon Crawl Stone Soup version 0.31-a0-963-ga325b2283a (webtiles) character file.

Game seed: 14649943693245320298

390829 BinkBink the Merry Spriggan (level 22, -6/116 HPs)
             Began as a Spriggan Hunter on Oct 25, 2023.
             Was the Champion of Dithmenos.
             Killed from afar by Margery (23 damage)
             ... with a fireball
             ... on level 2 of the Depths.
             The game lasted 02:35:37 (89983 turns).

BinkBink the Merry Spriggan (Spriggan Hunter)      Turns: 89983, Time: 02:35:38

Health: -6/116     AC: 11    Str:  5    XL:     22   Next: 9%
Magic:  20/20      EV: 56    Int: 15    God:    Dithmenos [******]
Gold:   2837       SH:  0    Dex: 33    Spells: 21/21 levels left

rFire   . . .        H - +9 arbalest (drain)
rCold   . . .        (shield currently unavailable)
rNeg    . . .        Q - +3 robe of Clouds {*Thunder rCloud rElec}
rPois   .            T - +3 crown of Dyrovepreva {rElec Int+2 SInv}
rElec   +            a - +2 cloak
rCorr   .            (gloves unavailable)
SInv    +            (boots unavailable)
Will    +++..        y - amulet of the acrobat Stlth ***+++++++
                     k - ring of flight
HPRegen 0.39/turn    N - +6 ring of dexterity
MPRegen 0.17/turn

%: random rage (3%), acrobat
@: flying, wreathed by umbra, studying 2 skills, very quick
A: very small, no large weapons, unfitting armour, see invisible, speed 3,
berserk 1, frail 1, low MP 1, screaming 1, weak 1
}: 2/15 runes: decaying, gossamer
a: Renounce Religion, Shadow Step, Shadow Form


You were on level 2 of the Depths.
You worshipped Dithmenos.
Dithmenos was exalted by your worship.
You visited 11 branches of the dungeon, and saw 47 of its levels.
You visited 1 bazaar.
You also visited: Bailey, Gauntlet and Ice Cave.

You collected 4079 gold pieces.
You spent 1242 gold pieces at shops.

Inventory:

Hand Weapons
 v - a +0 hand cannon of draining
 H - a +9 arbalest of draining (weapon)
Armour
 a - a +2 cloak (worn)
 Q - the +3 robe of Clouds (worn) {*Thunder rCloud rElec}
   (You found it in a Gauntlet)

   *Thunder:  It occasionally creates storm clouds above nearby enemies.
   rCloud:    It grants its wearer immunity to clouds.
   rElec:     It insulates you from electricity.
 T - the +3 crown of Dyrovepreva (worn) {rElec Int+2 SInv}
   (You found it on level 1 of the Elven Halls)

   Int+2:     It affects your intelligence (+2).
   rElec:     It insulates you from electricity.
   SInv:      It lets you see invisible.
Jewellery
 k - a ring of flight (left hand)
 n - the ring of Bimiyfol {rPois rC+}
   (You took it off a deep elf pyromancer on level 1 of the Elven Halls)

   [ring of poison resistance]

   rC+:       It protects you from cold.
   rPois:     It protects you from poison
 p - a +5 ring of evasion
 u - the ring "Deugataf" {rCorr Int+3}
   (You found it on level 5 of the Dungeon)

   [ring of resist corrosion]

   Int+3:     It affects your intelligence (+3).
   rCorr:     It protects you from acid and corrosion.
 y - an amulet of the acrobat (around neck)
 z - a ring of willpower
 D - a +6 ring of strength
 L - the ring "Nogot" {Ice *Corrode rN+++ Int-3 Slay+2}
   (You found it in a Gauntlet)

   [ring of ice]

   Ice:       It enhances your ice magic.
   Int-3:     It affects your intelligence (-3).
   Slay+2:    It affects your accuracy & damage with ranged weapons and melee
   (+2).
   rF-:       It makes you vulnerable to fire.
   rC+:       It protects you from cold.
   rN+++:     It renders you almost immune to negative energy.
   *Corrode:  It may corrode you when you take damage.
 N - a +6 ring of dexterity (right hand)
 S - a +6 ring of dexterity
 W - a +5 ring of evasion
Talismans
 P - the serpent talisman of Fiomafe {Fly Str+5 Int-3 Slay+2}
   (You took it off Aizul on level 1 of the Elven Halls)

   [serpent talisman]

   Str+5:     It affects your strength (+5).
   Int-3:     It affects your intelligence (-3).
   Slay+2:    It affects your accuracy & damage with ranged weapons and melee
   (+2).
   Fly:       It grants you flight.
Wands
 j - a wand of paralysis (21)
 x - a wand of mindburst (9)
 I - a wand of polymorph (28)
 K - a wand of flame (31)
 O - a wand of roots (9)
 Y - a wand of acid (11)
 Z - a wand of digging (10)
Scrolls
 b - 4 scrolls of butterflies
 c - a scroll of enchant weapon
 e - 8 scrolls of teleportation
 f - 6 scrolls of enchant armour
 i - 4 scrolls of amnesia
 q - 10 scrolls of immolation
 w - 6 scrolls of revelation
 C - 29 scrolls of identify
 F - 2 scrolls of silence
 G - 4 scrolls of brand weapon
 M - 11 scrolls of fear
 R - 7 scrolls of fog
 X - 8 scrolls of poison
Potions
 d - 3 potions of invisibility
 g - 7 potions of haste
 h - 14 potions of heal wounds
 l - 6 potions of magic
 m - 2 potions of attraction
 o - a potion of enlightenment
 r - 10 potions of ambrosia
 s - 3 potions of lignification
 t - 9 potions of curing
 A - 5 potions of brilliance
 B - 2 potions of resistance
 E - 5 potions of mutation
 J - 6 potions of might
 U - 5 potions of cancellation
 V - 2 potions of berserk rage


   Skills:
 + Level 18.4 Fighting
 O Level 27 Ranged Weapons
 + Level 25.0 Dodging
 + Level 14.2 Stealth


You had 21 spell levels left.
You didn't know any spells.
Your spell library contained the following spells:

 Spells                   Type           Power      Damage    Failure   Level
 Kiss of Death            Conj/Necr      0%         2d5       26%         1
 Necrotise                Necr           0%         1d4       26%         1
 Sting                    Tmut/Pois      0%         1d3       26%         1
 Summon Small Mammal      Summ           0%         N/A       26%         1
 Blink                    Tloc           0%         N/A       38%         2
 Lesser Beckoning         Tloc           0%         N/A       38%         2
 Momentum Strike          Conj/Tloc      0%         3d8       38%         2
 Poisonous Vapours        Pois/Air       0%         N/A       38%         2
 Call Canine Familiar     Summ           0%         N/A       63%         3
 Confusing Touch          Hex            0%         N/A       63%         3
 Frozen Ramparts          Ice            0%         1d1       63%         3
 Gell's Gravitas          Tloc           0%         N/A       63%         3
 Inner Flame              Hex/Fire       0%         N/A       63%         3
 Ozocubu's Armour         Ice            0%         N/A       63%         3
 Sigil of Binding         Hex            0%         N/A       63%         3
 Summon Guardian Golem    Hex/Summ       0%         N/A       63%         3
 Teleport Other           Tloc           0%         N/A       63%         3
 Vampiric Draining        Necr           0%         2d6       63%         3
 Brom's Barrelling Bould  Conj/Erth      0%         2d3       95%         4
 Dimensional Bullseye     Hex/Tloc       0%         N/A       95%         4
 Dispel Undead            Necr           0%         3d6       95%         4
 Leda's Liquefaction      Hex/Erth       0%         N/A       95%         4
 Olgreb's Toxic Radiance  Pois           0%         N/A       95%         4
 Petrify                  Tmut/Erth      0%         N/A       95%         4
 Summon Ice Beast         Ice/Summ       0%         N/A       95%         4
 Agony                    Necr           0%         N/A       100%        5
 Fireball                 Conj/Fire      0%         3d3       100%        5
 Iskenderun's Battlesphe  Conj           0%         2d6       100%        5
 Lee's Rapid Deconstruct  Erth           0%         3d4*      100%        5
 Metabolic Englaciation   Hex/Ice        0%         N/A       100%        5
 Summon Forest            Summ/Tloc      0%         N/A       100%        5
 Summon Mana Viper        Hex/Summ       0%         N/A       100%        5
 Yara's Violent Unravell  Hex/Tmut       0%         3d3       100%        5
 Bombard                  Conj/Erth      0%         9d1       100%        6
 Conjure Ball Lightning   Conj/Air       0%         3x3d6     100%        6
 Dispersal                Tloc           0%         N/A       100%        6
 Simulacrum               Ice/Necr       0%         N/A       100%        6
 Summon Cactus Giant      Summ           0%         N/A       100%        6
 Enfeeble                 Hex            0%         N/A       100%        7
 Monstrous Menagerie      Summ           0%         N/A       100%        7
 Orb of Destruction       Conj           0%         9d5       100%        7
 Ozocubu's Refrigeration  Ice            0%         4d7       100%        7
 Spellforged Servitor     Conj/Summ      0%         N/A       100%        7
 Polar Vortex             Ice            0%         N/A       100%        9


Dungeon Overview and Level Annotations

Branches:
Dungeon (15/15)            Temple (1/1) D:5            Lair (5/5) D:8
  Swamp (4/4) Lair:3       Spider (4/4) Lair:3        Slime (5/5) Lair:5
    Orc (2/2) D:10            Elf (3/3) Orc:2        Vaults (5/5) D:14
  Crypt (1/3) Vaults:3     Depths (2/4) D:15         Bailey (visited)
  IceCv (visited)         Gauntlet (visited)

Altars:
Ashenzari
Cheibriados
Dithmenos
Elyvilon
Fedhas
Gozag
Hepliaklqana
Kikubaaqudgha
Makhleb
Nemelex Xobeh
Okawaru
Qazlal
Ru
Sif Muna
Trog
Uskayaw
Vehumet
Wu Jian
Xom
Yredelemnul
Zin
The Shining One
Jiyva

Shops:
D:2 (   D:7 :   D:10 !   Orc:1 =   Orc:2 [**?   Elf:2 [![   Vaults:1 (:(:

Portals:
Hell: Lair:5 Depths:1 Depths:2

Annotations:
D:12 1 runed translucent door
Slime:5 Royal Jelly
Elf:3 Zenata
Vaults:3 6 runed translucent doors
Crypt:1 2 transporters, Mennas
Depths:2 Margery


Innate Abilities, Weirdness & Mutations

You are very small and have problems with some larger weapons.
You are too small for most types of armour.
You have supernaturally acute eyesight. (SInv)
You cover ground extremely quickly. (Speed+++)
You sometimes lose your temper in combat.
You are frail. (-10% HP)
Your magical capacity is low. (-10% MP)
You occasionally shout uncontrollably at your foes.
You are weak. (Str -2)


Message History

Margery is lightly wounded.
Your shadow shoots a bolt.
The bolt hits Margery but does no damage.
You shoot a bolt.
The bolt hits Margery but does no damage.
Margery is lightly wounded.
Your shadow shoots a bolt.
The bolt hits Margery but does no damage.
Margery gestures at you while chanting.
The fireball explodes!
The fireball engulfs you!!
You emit a cloud of dark smoke.
Things that are here:
a +0 plate armour; a +0 great sword
There is a stone staircase leading up, spattered with blood here.
You see here +0 ice dragon scales.
You fly upwards.
There is a stone staircase leading down here.
HP restored.
Done exploring.
There is a stone staircase leading down here.
You fly downwards.
Level annotation: Margery Margery says, "Die!"
There is a stone staircase leading up, spattered with blood here.
A fire giant and a water elemental come into view.
The fire giant is wielding a +1 great sword of flaming.
Your line of fire to the fire giant is blocked by a plant.
Margery casts a spell at you.
The fireball explodes!
The fireball engulfs you!!!
Ouch! That really hurt!
You emit a cloud of dark smoke.
The fire giant hits the plant with a +1 great sword of flaming!
The plant begins to die.
The fire giant burns the plant.
Margery gestures at you while chanting.
The fireball explodes!
The fireball engulfs you!!
* * * LOW HITPOINT WARNING * * *
There is a stone staircase leading up here.
Margery casts a spell at you.
The fireball explodes!
The fireball engulfs you!!
You die...

..~E~♣♣~♣♣♣~~.............
#..~~~~ ♣≈~P~.............
#.~~~≈♣♣♣~~.............
#..~~~~~~~P..##......... ###
###.~~~~~~~..####...... ..#
#...~~~~~P~...........
..####..CP~~~§§§§......... .#..#
##..§§§..........
.#..#######..§§§@..............>.
[..##..∩..###..§§.........>..<...
...#.......#.[<..........##......
..§#.......#[[...........#.......
§§§§§§(8...@#........)...........
§§§§§§.[...................C.....
.§§§§§).....#....................
.§§§§.#.........[................
#########################.#######


You could see Margery.

Vanquished Creatures
  Frederick (Crypt:1)
  The ghost of Gimeacah the Middleweight Champion, an adept DrSh of Wu Jian (Elf:1)
  The ghost of Feagond the Warrior, an adept HOMo of Beogh (Vaults:3)
  Jorgrun (Spider:1)
  Mlioglotl (Spider:1)
  A titan (Depths:2)
  A sphinx (Vaults:3)
  18 acid blobs
  Gastronok (Orc:1)
  Frances (Spider:2)
  Aizul (Elf:1)
  Roxanne (Swamp:2)
  5 thorn hunters
  2 fire giants (Vaults:3)
  2 tengu reavers
  11 azure jellies
  3 deep elf sorcerers (Elf:2)
  10 rockslimes
  8 vault wardens
  7 emperor scorpions
  A frost giant (Depths:1)
  Louise (Swamp:2)
  4 ghost moths
  2 orc warlords
  2 caustic shrike zombies (Crypt:1)
  16 ironbound preservers
  9 formless jellyfish
  A spriggan defender (Depths:2)
  A reaper (IceCv)
  12 quicksilver oozes
  An ophan (Depths:1)
  A broodmother (Spider:4)
  6 ironbound thunderhulks
  4 very ugly things
  3 stone giants
  8 vampire knights
  A deep elf demonologist (Elf:2)
  17 dire elephants
  8 eleionomae
  A minotaur (Gauntlet)
  11 bunyips
  2 crystal guardians (Vaults:4)
  3 ettins
  2 shambling mangroves (Swamp:4)
  5 ice dragons
  10 yaktaur captains
  3 entropy weavers
  15 great orbs of eyes
  A peacekeeper (Vaults:4)
  4 vault guards
  13 hydras
  2 ghost crabs
  A spriggan air mage (Swamp:3)
  4 alligators
  2 rakshasas
  A jorogumo (Spider:2)
  20 centaur warriors
  A radroach (shapeshifter) (Depths:1)
  An ogre mage (D:15)
  A radroach (Spider:2)
  2 deep troll shamans
  24 dancing weapons
  11 boulder beetles
  2 sphinx skeletons (Vaults:3)
  9 ironbound frosthearts
  5 two-headed ogres
  A catoblepas (D:14)
  5 vampire magi
  A deep troll earth mage (Depths:1)
  9 demonic crawlers
  4 occultists
  A spriggan berserker (Swamp:4)
  4 orc high priests (Orc:2)
  23 deep elf knights
  Sonja (Orc:1)
  6 hell knights
  2 skysharks (Lair:5)
  5 spriggans
  A sixfirhy (Lair:5)
  A fire crab (shapeshifter) (Elf:1)
  2 sun moths
  5 pharaoh ants
  7 goliath frogs
  2 spectral hydras (Swamp:4)
  11 orb spiders
  2 bog bodies
  6 spriggan druids
  16 deep elf archers
  2 flayed ghosts (Swamp:4)
  6 swamp dragons (Swamp:4)
  An orange crystal statue (Depths:2)
  25 deep trolls
  5 arcanists
  5 phantasmal warriors
  6 glowing orange brains
  7 ironbound convokers
  4 orc knights
  25 deep elf pyromancers
  26 deep elf zephyrmancers
  16 lindwurms
  5 harpies (Vaults:1)
  A lindwurm (shapeshifter) (Elf:1)
  4 steelbarb worms
  A shining eye (shapeshifter) (Vaults:3)
  24 ugly things
  22 wolf spiders
  6 oklob plants
  An orc sorcerer (Orc:2)
  A will-o-the-wisp (Swamp:4)
  A cyclops (shapeshifter) (D:15)
  7 shining eyes
  7 necromancers
  3 cyclopes
  A frost giant zombie (Vaults:3)
  A fire giant skeleton (Crypt:1)
  3 manticores
  3 black mambas
  A human skeleton (Vaults:3)
  5 moths of wrath
  3 elephants (Lair:2)
  14 vault sentinels
  11 eyes of devastation
  A titan simulacrum (Vaults:3)
  4 torpor snails
  An ice statue (IceCv)
  18 cane toads
  A gargoyle (D:10)
  3 kobold demonologists
  2 unseen horror zombies (D:9)
  A smoke demon (Lair:5)
  2 centaur skeletons (D:15)
  5 rime drakes
  9 komodo dragons
  2 unseen horrors
  28 yaktaurs
  6 ice devils
  A freezing wraith (Swamp:4)
  2 death drake zombies (Swamp:4)
  A tengu conjurer (D:15)
  4 polar bears
  2 anaconda simulacra (IceCv)
  8 trolls
  6 meliai
  2 polar bears (shapeshifter)
  7 tyrant leeches
  2 hydra zombies (Swamp:4)
  3 bloated husks
  2 red devils (Lair:5)
  A hydra skeleton (Swamp:4)
  A wolf spider simulacrum (Gauntlet)
  Grinder (D:4)
  3 glass eyes
  5 hornets
  24 tarantellas
  14 blink frogs
  A dream sheep (Lair:5)
  30 jumping spiders
  A black mamba zombie (Crypt:1)
  A slime creature (shapeshifter) (Vaults:1)
  98 slime creatures
  14 culicivoras
  A shadow (D:9)
  4 air elementals
  3 centaur simulacra (Gauntlet)
  A jumping spider (shapeshifter) (Depths:2)
  A vampire (D:11)
  4 wyverns
  8 water elementals
  A wraith (D:14)
  Grum (D:8)
  3 basilisks
  34 yaks
  Eustachio (D:4)
  4 golden eyes
  16 vampire mosquitoes
  65 redbacks
  Menkaure (D:5)
  2 death yak simulacra (IceCv)
  A yaktaur simulacrum (Vaults:1)
  4 wargs
  A glowing shapeshifter zombie (Vaults:1)
  A harpy simulacrum (IceCv)
  28 swamp worms
  15 water moccasins
  6 hydra simulacra
  6 swamp drakes (Swamp:4)
  6 hell hounds
  3 swamp dragon zombies (Swamp:4)
  34 orc warriors
  A deep troll skeleton (Crypt:1)
  2 ice beasts (D:6)
  3 black bears
  2 ice dragon simulacra
  18 wolves
  A boggart (Vaults:2)
  6 ogres
  2 centaurs
  A blink frog skeleton (Crypt:1)
  4 phantoms (D:5)
  An elf simulacrum (Vaults:1)
  4 kobold brigands
  6 bullfrogs
  A gnoll sergeant (D:9)
  5 two-headed ogre simulacra (IceCv)
  2 earth elementals
  3 scorpions
  A cane toad simulacrum (IceCv)
  13 wights
  3 elephant simulacra (IceCv)
  16 killer bees
  2 howler monkeys
  6 electric eels
  6 centaur zombies
  5 hounds
  2 gnoll boudas
  29 orc priests
  22 orc wizards
  3 sleepcaps
  5 iguanas
  6 spriggan simulacra (IceCv)
  A boggart skeleton (D:15)
  A troll simulacrum (IceCv)
  A wolf simulacrum (IceCv)
  A polar bear simulacrum (IceCv)
  A killer bee zombie (D:9)
  A howler monkey zombie (D:9)
  22 gnolls
  7 adders
  8 naga simulacra (IceCv)
  A steam dragon skeleton (Crypt:1)
  2 shadow imps
  8 white imps
  11 ufetubi
  2 worms (D:4)
  69 orcs
  8 bats
  A bat zombie (D:6)
  7 endoplasms
  4 giant cockroaches
  10 goblins
  12 hobgoblins
  4 jackals (D:3)
  3 quokkas
  8 ball pythons
  3 frilled lizards
  11 kobolds
  4 rats (D:2)
1663 creatures vanquished.

Vanquished Creatures (others)
  Asterion (Depths:1)
  A tengu conjurer (D:15)
  2 jumping spiders
  4 foxfires (Swamp:4)
8 creatures vanquished.

Grand Total: 1671 creatures vanquished

Notes
Turn   | Place    | Note
-------+----------+-------------------------------------------
     0 | D:1      | BinkBink the Spriggan Hunter began the quest for the Orb.
     0 | D:1      | Reached XP level 1. HP: 10/10 MP: 2/2
   365 | D:1      | Reached XP level 2. HP: 15/15 MP: 3/3
   943 | D:2      | Reached XP level 3. HP: 18/18 MP: 4/4
   984 | D:2      | Reached skill level 5 in Ranged Weapons
  1005 | D:2      | Reached XP level 4. HP: 19/23 MP: 5/5
  1540 | D:2      | Found Weixtoucan's Antique Weapon Emporium.
  1971 | D:3      | Reached XP level 5. HP: 19/28 MP: 6/6
  2030 | D:3      | Found a faded altar of an unknown god.
  2290 | D:4      | Reached skill level 6 in Ranged Weapons
  2397 | D:4      | Reached XP level 6. HP: 32/32 MP: 7/7
  2650 | D:4      | Reached skill level 7 in Ranged Weapons
  2723 | D:4      | Reached XP level 7. HP: 37/37 MP: 8/8
  3136 | D:4      | Noticed Grinder
  3145 | D:4      | Paralysed by Grinder for 3 turns
  3167 | D:4      | Paralysed by Grinder for 2 turns
  3173 | D:4      | Killed Grinder
  3174 | D:4      | Reached skill level 8 in Ranged Weapons
  3531 | D:5      | Entered Level 5 of the Dungeon
  3558 | D:5      | Noticed Menkaure
  3578 | D:5      | Noticed Eustachio
  3580 | D:5      | Found a staircase to the Ecumenical Temple.
  3802 | D:4      | Killed Eustachio
  3966 | Temple   | Entered the Ecumenical Temple
  3996 | Temple   | Became a worshipper of Dithmenos the Shadowed
  4025 | D:5      | Identified the ring "Deugataf" {rCorr Int+3}
  4076 | D:5      | Reached XP level 8. HP: 38/42 MP: 9/9
  4323 | D:5      | Reached skill level 5 in Fighting
  4323 | D:5      | Reached skill level 9 in Ranged Weapons
  4445 | D:5      | Killed Menkaure
  5028 | D:6      | Reached * piety under Dithmenos
  5038 | D:6      | Found an ancient bone altar of Kikubaaqudgha.
  5104 | D:6      | Reached skill level 10 in Ranged Weapons
  5367 | D:6      | Reached XP level 9. HP: 48/48 MP: 10/10
  6153 | D:7      | Found a basalt altar of Yredelemnul.
  6232 | D:7      | Noticed a kobold demonologist
  6386 | D:7      | Found Cioch's Self-Published Books.
  6777 | D:7      | Noticed a kobold demonologist
  6784 | D:7      | Reached skill level 11 in Ranged Weapons
  6795 | D:7      | Noticed an orange demon
  6831 | D:7      | Noticed a red devil
  6858 | D:7      | Noticed a soul eater
  6860 | D:7      | Killed a kobold demonologist
  7471 | D:7      | Reached ** piety under Dithmenos
  7620 | D:7      | Killed a kobold demonologist
  8141 | D:8      | Found a flagged portal.
  8173 | Bailey   | Entered a bailey
  8736 | Bailey   | Reached skill level 12 in Ranged Weapons
  9527 | Bailey   | Reached XP level 10. HP: 48/55 MP: 11/11
  9692 | Bailey   | Reached *** piety under Dithmenos
 10304 | Bailey   | Noticed an orc warlord
 10357 | Bailey   | Identified the +14 chain mail "Imudir" {Dex+3 SInv Stlth+}
 11240 | Bailey   | Killed an orc warlord
 11241 | Bailey   | Reached skill level 13 in Ranged Weapons
 11245 | Bailey   | Acquired a +1 heavy arbalest
 11248 | Bailey   | Acquired a +5 ring of evasion
 11272 | D:8      | Found a broken altar of Ashenzari.
 11275 | D:8      | Found a shimmering blue altar of Sif Muna.
 11590 | D:8      | Found a staircase to the Lair.
 11884 | D:8      | Noticed Grum
 11958 | D:8      | Killed Grum
 12723 | D:9      | Reached skill level 14 in Ranged Weapons
 12825 | D:9      | Found a glowing silver altar of Zin.
 12827 | D:9      | Found a sacrificial altar of Ru.
 12829 | D:9      | Found a glowing golden altar of the Shining One.
 12829 | D:9      | Found an iron altar of Okawaru.
 12829 | D:9      | Found a snail-covered altar of Cheibriados.
 12829 | D:9      | Found a hazy altar of Hepliaklqana.
 12831 | D:9      | Found a bloodstained altar of Trog.
 12831 | D:9      | Found an ornate altar of the Wu Jian Council.
 12831 | D:9      | Found an opulent altar of Gozag.
 12853 | D:9      | Reached **** piety under Dithmenos
 12854 | D:9      | Reached skill level 5 in Dodging
 12875 | D:9      | Reached XP level 11. HP: 42/60 MP: 12/12
 13181 | D:10     | Entered Level 10 of the Dungeon
 13276 | D:10     | Found a stormy altar of Qazlal.
 13510 | D:10     | Found Gaxkioneq's Distillery.
 13518 | D:10     | Bought a potion of heal wounds for 65 gold pieces
 13518 | D:10     | Bought a potion of haste for 130 gold pieces
 13518 | D:10     | Bought a potion of might for 52 gold pieces
 13518 | D:10     | Bought a potion of resistance for 130 gold pieces
 13518 | D:10     | Bought a potion of ambrosia for 104 gold pieces
 13518 | D:10     | Bought a potion of curing for 39 gold pieces
 13611 | D:10     | Found a staircase to the Orcish Mines.
 13728 | D:10     | Noticed a two-headed ogre
 13757 | D:10     | Killed a two-headed ogre
 15092 | D:12     | Noticed a green ugly thing
 15094 | D:12     | Noticed a deep elf pyromancer
 15149 | Orc:1    | Entered Level 1 of the Orcish Mines
 15150 | Orc:1    | Noticed Sonja
 15380 | Orc:1    | Killed Sonja
 15381 | Orc:1    | Reached skill level 15 in Ranged Weapons
 15620 | Orc:1    | Noticed Gastronok
 15634 | Orc:1    | Killed Gastronok
 15760 | Orc:2    | Entered Level 2 of the Orcish Mines
 15761 | Orc:2    | Reached ***** piety under Dithmenos
 15765 | Orc:2    | Noticed an orc knight
 15820 | Orc:2    | Killed an orc knight
 17295 | Orc:2    | Found a staircase to the Elven Halls.
 17361 | Orc:2    | Reached XP level 12. HP: 67/67 MP: 13/13
 17870 | Orc:2    | Noticed an orc high priest
 17873 | Orc:2    | Killed an orc high priest
 17954 | Orc:2    | Noticed an orc high priest
 17977 | Orc:2    | Killed an orc high priest
 18026 | Orc:2    | Noticed an orc high priest
 18249 | Orc:2    | Killed an orc high priest
 18402 | Orc:2    | Noticed an orc high priest
 18422 | Orc:2    | Gained mutation: You have hidden genetic defects. [a
                  | neqoxec]
 18592 | Orc:2    | Killed an orc high priest
 18593 | Orc:2    | Reached skill level 16 in Ranged Weapons
 19603 | Orc:2    | Found Tynaqin's Antique Armour Shoppe.
 19603 | Orc:2    | Found Jeskogoi's General Store.
 19604 | Orc:2    | Found Zonleqok's Magic Scroll Emporium.
 19608 | Orc:2    | Found Miuclu's Assorted Antiques.
 20082 | Orc:1    | Found Jaun's Jewellery Boutique.
 20354 | Lair:1   | Entered Level 1 of the Lair of Beasts
 20398 | Lair:1   | Gained mutation: You are weak. (Str -2) [hidden defects]
 20429 | Lair:1   | Reached skill level 10 in Fighting
 20439 | Lair:1   | Reached skill level 10 in Dodging
 21058 | Lair:2   | Reached ****** piety under Dithmenos
 21068 | Lair:2   | Gained mutation: You sometimes lose your temper in combat.
                  | [hidden defects]
 21068 | Lair:2   | Lost mutation: You have hidden genetic defects. [hidden
                  | defects expressed]
 21289 | Lair:2   | Found a gate leading to a gauntlet.
 21306 | Gauntlet | Entered a Gauntlet
 21306 | Gauntlet | Found a transporter.
 21313 | Gauntlet | Noticed a great orb of eyes
 21315 | Gauntlet | Found a transporter.
 21331 | Gauntlet | Found a transporter.
 21335 | Gauntlet | Found a transporter.
 21343 | Gauntlet | Noticed a ghost crab
 21355 | Gauntlet | Found a transporter.
 21371 | Gauntlet | Found a transporter.
 21376 | Gauntlet | Found a transporter.
 21380 | Gauntlet | Found a transporter.
 21403 | Gauntlet | Found a transporter.
 21423 | Gauntlet | Found a transporter.
 21429 | Gauntlet | Found a transporter.
 21435 | Gauntlet | Found a transporter.
 21498 | Gauntlet | Identified the ring "Nogot" {Ice *Corrode rN+++ Int-3
                  | Slay+2}
 21510 | Gauntlet | Killed a great orb of eyes
 21511 | Gauntlet | Reached skill level 17 in Ranged Weapons
 21575 | Gauntlet | Reached XP level 13. HP: 30/72 MP: 6/14
 21736 | Gauntlet | Noticed a minotaur
 21736 | Gauntlet | Found the +3 robe of Clouds {*Thunder rCloud rElec}
 22172 | Gauntlet | Killed a minotaur
 22638 | Lair:3   | Found a frozen archway.
 22647 | IceCv    | Entered an ice cave
 24954 | IceCv    | Noticed a reaper
 24983 | IceCv    | Killed a reaper
 25288 | IceCv    | Identified the +6 long sword of Omnuih {drain, rElec rPois
                  | Int-5}
 25662 | Lair:3   | Found a hole to the Spider Nest.
 25865 | Lair:3   | Found a staircase to the Swamp.
 26623 | Lair:4   | Reached skill level 18 in Ranged Weapons
 26956 | Lair:4   | You fall into a shaft and drop 1 floor!
 26956 | Lair:5   | Entered Level 5 of the Lair of Beasts
 27004 | Lair:5   | Found a viscous altar of Jiyva.
 27073 | Lair:5   | Found a staircase to the Slime Pits.
 27445 | Lair:5   | Reached XP level 14. HP: 79/79 MP: 15/15
 28203 | Lair:5   | Found a burning altar of Makhleb.
 28279 | Lair:5   | Reached skill level 19 in Ranged Weapons
 28325 | Lair:5   | Found a gateway to Hell.
 28332 | Lair:5   | Identified the +7 sling "ETAOIN SHRDLU" {heavy, *Slow Fly
                  | rN++ Str+3 Dex+3}
 29117 | Swamp:1  | Entered Level 1 of the Swamp
 29222 | Lair:3   | Acquired a manual of Shapeshifting
 29694 | Crypt:1  | Identified the "Juhoamun"
 29694 | Depths:2 | Identified the "Polaiwn"
 29694 | Elf:1    | Entered Level 1 of the Elven Halls
 29896 | Elf:1    | Found a runed translucent gate.
 30280 | Elf:1    | Found a runed translucent gate.
 30280 | Elf:1    | Found a runed translucent gate.
 30281 | Elf:1    | Noticed an acid blob
 30281 | Elf:1    | Noticed a rockslime
 30283 | Elf:1    | Noticed Gimeacah's ghost (adept DrSh)
 30283 | Elf:1    | Noticed a rockslime
 30284 | Elf:1    | Noticed a quicksilver ooze
 30284 | Elf:1    | Noticed an acid blob
 30327 | Elf:1    | Paralysed by an air elemental for 1 turns
 31668 | Elf:1    | Identified the serpent talisman of Fiomafe {Fly Str+5 Int-3
                  | Slay+2}
 31668 | Elf:1    | Noticed Aizul
 31956 | Elf:1    | Killed Aizul
 32082 | Elf:1    | Reached skill level 20 in Ranged Weapons
 32096 | Elf:1    | Reached XP level 15. HP: 84/84 MP: 16/16
 32258 | Elf:1    | Identified the ring of Bimiyfol {rPois rC+}
 32350 | Elf:1    | Identified the +1 war axe of Inquiry {freeze, rPois rCorr
                  | Int-4 Stlth+}
 32499 | Elf:1    | Reached skill level 15 in Dodging
 33086 | Elf:1    | Found a viscous altar of Jiyva.
 33086 | Elf:1    | Found the +3 crown of Dyrovepreva {rElec Int+2 SInv}
 35102 | Swamp:1  | You are sucked into a shaft and drop 1 floor!
 35439 | Swamp:1  | Noticed a thorn hunter
 35443 | Swamp:1  | Killed a thorn hunter
 36269 | Swamp:2  | Reached skill level 21 in Ranged Weapons
 37758 | Swamp:2  | Noticed Roxanne
 37780 | Swamp:2  | Noticed Louise
 37922 | Swamp:2  | Killed Louise
 38195 | Swamp:2  | Killed Roxanne
 39698 | Swamp:3  | Reached XP level 16. HP: 91/91 MP: 17/17
 40267 | Swamp:4  | Entered Level 4 of the Swamp
 40518 | Swamp:4  | Noticed a thorn hunter
 40524 | Swamp:4  | Killed a thorn hunter
 40883 | Swamp:4  | Noticed a thorn hunter
 40897 | Swamp:4  | Killed a thorn hunter
 41202 | Swamp:4  | Reached skill level 22 in Ranged Weapons
 42667 | Swamp:4  | Noticed a thorn hunter
 42671 | Swamp:4  | Killed a thorn hunter
 42681 | Swamp:4  | Paralysed by a hornet for 2 turns
 43110 | Swamp:4  | Found a blossoming altar of Fedhas.
 43113 | Swamp:4  | Noticed a thorn hunter
 43195 | Swamp:4  | Found a basalt altar of Yredelemnul.
 43208 | Swamp:4  | Got a decaying rune of Zot
 43232 | Swamp:4  | Killed a thorn hunter
 43603 | Spider:1 | Entered Level 1 of the Spider Nest
 44845 | Spider:1 | Noticed Mlioglotl
 44852 | Spider:1 | Killed Mlioglotl
 45176 | Spider:1 | You are sucked into a shaft and drop 1 floor!
 45374 | Spider:2 | Noticed Frances
 45384 | Spider:2 | Killed Frances
 45770 | Spider:2 | Reached XP level 17. HP: 45/97 MP: 18/18
 47344 | Spider:1 | Noticed Jorgrun
 47349 | Spider:1 | Killed Jorgrun
 47563 | Spider:1 | Reached skill level 23 in Ranged Weapons
 50115 | Spider:4 | Entered Level 4 of the Spider Nest
 55423 | Spider:4 | Reached XP level 18. HP: 87/103 MP: 0/19
 55990 | Spider:4 | Reached skill level 24 in Ranged Weapons
 56320 | Spider:4 | Found the +3 pair of gauntlets of War {Slay+5}
 56490 | Spider:4 | Got a gossamer rune of Zot
 56874 | Elf:1    | Reached skill level 15 in Fighting
 57644 | Elf:1    | Killed Gimeacah's ghost
 57835 | Elf:2    | Found Pubroedgh's Antique Armour Shoppe.
 58999 | Elf:2    | Found Ifysonko's Antique Armour Shop.
 59310 | Elf:2    | Bought a glowing cloak for 180 gold pieces
 59372 | Elf:2    | Found Ricsure's Distillery.
 59471 | Elf:2    | Found a runed translucent gate.
 59472 | Elf:2    | Found a runed translucent gate.
 59472 | Elf:2    | Found a runed translucent gate.
 61211 | Elf:3    | Identified the of Cok Roist
 61211 | Elf:3    | Entered Level 3 of the Elven Halls
 62469 | Elf:3    | Noticed Zenata
 62648 | Elf:2    | Acquired a manual of Hexes
 62968 | Slime:1  | Entered Level 1 of the Pits of Slime
 63320 | D:12     | Found a runed translucent door.
 63323 | D:12     | Found a hide-covered altar of Uskayaw.
 63853 | D:13     | Reached skill level 25 in Ranged Weapons
 65299 | D:14     | Found a gate to the Vaults.
 65317 | D:15     | Entered Level 15 of the Dungeon
 65342 | D:15     | Reached XP level 19. HP: 109/109 MP: 20/20
 65381 | D:15     | Found Eluim's Armour Boutique.
 65476 | D:15     | Identified the +11 hand axe of Tidatil {flame, Int+6}
 65847 | D:15     | Found a staircase to the Depths.
 66246 | Vaults:1 | Entered Level 1 of the Vaults
 68037 | Vaults:1 | Found Lulapaj's Antique Weapon Shop.
 68131 | Vaults:1 | Found Kusesodyu's Book Emporium.
 68858 | Vaults:1 | Found Adda's Book Shop.
 68858 | Vaults:1 | Found Zimyoq's Weapon Shoppe.
 69402 | Vaults:2 | Reached skill level 26 in Ranged Weapons
 70671 | Vaults:3 | Reached XP level 20. HP: 97/116 MP: 19/21
 71133 | Vaults:3 | Found a flickering gateway to a bazaar.
 71138 | Bazaar   | Entered a bazaar
 71188 | Bazaar   | Found Hulealila's Distillery.
 71188 | Bazaar   | Found Feticefe's Assorted Antiques.
 71210 | Bazaar   | Found Gyhareca's Magic Scroll Shoppe.
 71215 | Bazaar   | Bought a scroll of acquirement for 416 gold pieces
 71234 | Bazaar   | Found Zasil's Antique Weapon Emporium.
 71250 | Bazaar   | Found Tenem's Antique Weapon Shoppe.
 71319 | Bazaar   | Bought a scroll of enchant armour for 60 gold pieces
 71339 | Bazaar   | Bought a scroll of teleportation for 66 gold pieces
 71625 | Vaults:3 | Found a large runed translucent door.
 71625 | Vaults:3 | Found a large runed translucent door.
 71625 | Vaults:3 | Found a large runed translucent door.
 71625 | Vaults:3 | Found a large runed translucent door.
 71625 | Vaults:3 | Found a large runed translucent door.
 71625 | Vaults:3 | Found a large runed translucent door.
 71625 | Vaults:3 | Found a large runed translucent door.
 71625 | Vaults:3 | Found a large runed translucent door.
 71625 | Vaults:3 | Noticed Feagond's ghost (adept HOMo)
 72821 | Vaults:3 | Found a staircase to the Crypt.
 74058 | Vaults:3 | Acquired a manual of Shapeshifting
 74182 | Vaults:3 | Killed Feagond's ghost
 74406 | Vaults:3 | Reached skill level 27 in Ranged Weapons
 75807 | Vaults:4 | Reached skill level 5 in Stealth
 76646 | Vaults:5 | Entered Level 5 of the Vaults
 77066 | Slime:1  | Reached XP level 21. HP: 107/121 MP: 22/22
 77648 | Slime:1  | You are sucked into a shaft and drop 1 floor!
 77650 | Slime:2  | Gained mutation: You are frail. (-10% HP) [a shining eye]
 79680 | Slime:3  | Gained mutation: You occasionally shout uncontrollably at
                  | your foes. [a shining eye]
 80555 | Slime:4  | Reached skill level 10 in Stealth
 80561 | Slime:3  | Paralysed by a formless jellyfish for 1 turns
 81247 | Slime:5  | Identified the "Gubur"
 81247 | Slime:5  | Entered Level 5 of the Pits of Slime
 81679 | Slime:5  | Gained mutation: Your magical capacity is low. (-10% MP) [a
                  | shining eye]
 81987 | Slime:5  | Noticed the Royal Jelly
 83992 | Depths:1 | Entered Level 1 of the Depths
 84243 | Depths:1 | Noticed Asterion
 84512 | Crypt:1  | Entered Level 1 of the Crypt
 84553 | Crypt:1  | Noticed Frederick
 84763 | Crypt:1  | Killed Frederick
 84894 | Crypt:1  | Found a transporter.
 84900 | Crypt:1  | Found a transporter.
 84931 | Crypt:1  | Noticed Mennas
 85456 | Depths:1 | Killed Asterion
 86954 | Depths:1 | Found a white marble altar of Elyvilon.
 87006 | Depths:2 | Noticed Margery
 88313 | Depths:2 | Reached XP level 22. HP: 116/116 MP: 20/20
 89983 | Depths:2 | Killed from afar by Margery

Illustrated notes

Levels and vault maps discovered:
D:1:      roderic_crop_circles_arrival_large, layout_loops_cross
D:2:      layout_basic, serial_shops, shop, serial_bayou_ford_a
D:3:      layout_rooms, ebering_ecumenical_altar_rust, serial_park_tiny_pond
D:4:      layout_layer_cave, corexii_item_surrounded_by_moat, uniq_grinder
D:5:      layout_loops_ring, minmay_temple_entry_mist, minmay_quadrilaterals,
          uniq_eustachio, uniq_menkaure
D:6:      layout_loops_corners, lemuel_zombie_altar_kikubaaqudgha,
          chequers_serial_rivers_micro_d
D:7:      layout_layer_cave, nicolae_overflow_crystal_walls,
          nicolae_custom_books, chequers_serial_rivers_large_a,
          wad_floor_pattern_untrapped
D:8:      layout_loops_corners, mainiacjoe_overflow_large_starburst,
          lair_entry_dummy, enter_bailey_2, corexii_checkpoint_a,
          glass_columns_a, uniq_grum
D:9:      layout_roguey, nicolae_overflows_in_rows, serial_undead,
          serial_undead_a, serial_undead_b, serial_undead_d, serial_undead_e,
          serial_undead_e, serial_undead_c
D:10:     layout_basic, mainiacjoe_overflow_cross_hatched, orc_0_dummy,
          serial_shops, nicolae_square_shop, chequers_jeans,
          chequers_serial_rivers_room_a
D:11:     layout_loops_ring
D:12:     layout_rooms, nicolae_danse_macabre
D:13:     layout_stronghold
D:14:     layout_rooms, david_vaults_1, patterned_corridor
D:15:     grunt_enter_depths_magical_seal, layout_gridville, serial_shops,
          nicolae_shop_tiny_waterfront, hangedman_decor_opposing
Temple:   nicolae_temple_superstar
Lair:1:   layout_concentric_octagons, hangedman_lair_unloving_vines
Lair:2:   layout_gridlike, gauntlet_entry_generic, minmay_holes
Lair:3:   layout_small_grid, minmay_swamp_entry_reptiles, dummy_spider_entry,
          portal_ice_cave_demonic_guard
Lair:4:   layout_misc_corridors, lemuel_fruit_fields, grunt_megastairs_1,
          serial_bayou_shore_a, lemuel_fruit_fields, serial_bayou_shore_b
Lair:5:   evil_forest, layout_cave_pods, minmay_slime_entry_oklob_enclosed,
          dpeg_oklob_1
Swamp:1:  layout_falls_marsh, serial_swamp_ruin, hangedman_swamp_ruin_wall,
          evilmike_swamp_ruin_house_1, evilmike_swamp_ruin_house_5, swamp_pool2,
          nicolae_swamp_no_escape
Swamp:2:  layout_basic_swamp, evilmike_swamp_ruin_house_6, swamp_pool1,
          uniq_roxanne, uniq_louise
Swamp:3:  layout_falls_marsh, evilmike_swamp_ruin_house_3, swamp_pool2,
          infiniplex_staircase_pool_2
Swamp:4:  byrel_swamp_growth_death_and_undeath, layout_basic_swamp
Spider:1: layout_chambers, beargit_elvish_explorers, uniq_jorgrun,
          uniq_mlioglotl
Spider:2: nicolae_spider_hilbert_zone_6 [nicolae_spider_hilbert_4_sides_1_open,
          nicolae_spider_hilbert_4_sides_1_open,
          nicolae_spider_hilbert_4_sides_1_open,
          nicolae_spider_hilbert_4_sides_1_open,
          nicolae_spider_hilbert_4_sides_1_open,
          nicolae_spider_hilbert_4_sides_1_open,
          nicolae_spider_hilbert_4_sides_1_open], uniq_frances
Spider:3: layout_spider_delve, drop_trap
Spider:4: grunt_spider_rune_circles, guppyfry_spider_mini_1
Slime:1:  layout_caves
Slime:2:  layout_caves
Slime:3:  layout_caves, cheibrodos_slime_lost_civilization_7
Slime:4:  layout_caves
Slime:5:  slime_pit_nicolae_inversion
Orc:1:    layout_caves, serial_shops, shop, uniq_sonja, uniq_gastronok
Orc:2:    st_orc_mages, layout_diamond_mine
Elf:1:    minmay_the_grid_square_5x5_3x3 [minmay_the_grid_square_5x5_comb,
          minmay_the_grid_square_5x5_two_walls_b,
          minmay_the_grid_square_5x5_inner_v,
          minmay_the_grid_square_5x5_percent,
          minmay_the_grid_square_5x5_megaprize_hollow,
          minmay_the_grid_square_5x5_bite, minmay_the_grid_square_5x5_v,
          minmay_the_grid_square_5x5_three_walls,
          minmay_the_grid_square_5x5_broken_cross], layout_loops_ring,
          gammafunk_ghost_ooze, hangedman_corner_corridor, uniq_aizul
Elf:2:    nicolae_elf_blades_crystal_corner, layout_loops_ring, serial_shops,
          nicolae_shop_behind_doors, nicolae_shop_advertising_works
          [nicolae_subvault_shop_adworks], shop, nicolae_elf_crossing_hall
Elf:3:    minmay_elf_hall_four_x, layout_geoelf_grid, uniq_zenata
Vaults:1: v_misc_22, dpeg_vaults_monster_row, nicolae_vaults_shrinking_rooms_2,
          nicolae_vaults_closet_pinwheel_4, vaults_standard_mumra_x,
          nicolae_vaults_mitosis, nicolae_vaults_trapezoid_lopsided_2,
          nicolae_vaults_tangram_1, nicolae_vaults_little_squares_4,
          nicolae_vaults_sightless_eye, nicolae_vaults_shock_wave,
          ontoclasm_vaults_idyll, vaults_dpeg_encased_lava,
          nicolae_vaults_double_plus_2, nicolae_vaults_little_squares_5,
          layout_vaults_big_cross, serial_shops, shop_statue, shop, shop,
          nicolae_shop_trees
Vaults:2: nicolae_vaults_circle_grid_a, dpeg_vaults_monster_box,
          nicolae_vaults_offset_grid_hallway_1, ontoclasm_vaults_spin,
          hangedman_vaults_capsules, nicolae_vaults_trapezoid_lopsided_2,
          nicolae_vaults_trapezoid_2, vaults_room_semicircle,
          layout_vaults_omnigrid
Vaults:3: advil_vaults_ghost_lines, v_misc_3, v_misc_22,
          nicolae_vaults_halls_meeting, minmay_crypt_entry_simple_statues,
          vaults_standard_mumra_lines, hangedman_vaults_maws,
          nicolae_vaults_six-pack, nicolae_vaults_alarming,
          nicolae_vaults_tetromino_T_2, layout_vaults_chaotic_city,
          serial_shops, bzr_in_the_mist
Vaults:4: v_misc_33, v_pattern_1, nicolae_vaults_shipping_containers_4,
          vaults_room_door_hall, vaults_room_boxed,
          nicolae_vaults_storage_room_statues, nicolae_vaults_arrows,
          ontoclasm_vaults_ring_square, v_misc_12,
          nicolae_vaults_offset_grid_hallway_2, nicolae_vaults_asterisk,
          layout_vaults_omnibox
Vaults:5: serial_shops
Crypt:1:  layout_gridlike, gammafunk_ghost_abyssal_escape,
          grunt_crypt_arrival_webbed, uniq_khufu, uniq_mennas, uniq_frederick
Depths:1: layout_cave_pools, hangedman_coc_ice_floe,
          nicolae_elyvilon_temple_path, st_stairs_6, small_chamber_with_monster,
          hangedman_eye_storm, uniq_asterion
Depths:2: vault_1, layout_cave_pools, pan_entry, grunt_metal_band,
          evilmike_ruin_ashenzari, serial_bayou_lagoon_a,
          grunt_dithmenos_smoke_and_mirrors

Skill      XL: |  1  2  3  4  5  6  7  8  9 10 11 12 13 14 15 16 17 18 19 20 21 22 |
---------------+-------------------------------------------------------------------+-----
Fighting       | 2 3 4 5 7 8 9 10 11 12 13 14 15 16 17 18 | 18.4
Ranged Weapons | 5 6 7 8 10 12 14 15 17 18 20 21 22 23 25 26 27 | 27.0
Dodging        | 5 8 10 12 14 16 17 19 20 21 23 24 25 | 25.0
Stealth        | 7 13 14 | 14.2

Action                     |  1- 3 |  4- 6 |  7- 9 | 10-12 | 13-15 | 16-18 | 19-21 | 22-24 || total
---------------------------+-------+-------+-------+-------+-------+-------+-------+-------++-------
   Fire: Shortbow          |    84 |   130 |   648 |   331 |       |       |       |       ||  1193
         Arbalest          |       |       |       |   540 |   978 |  1345 |  1617 |    73 ||  4553
    Use: Scroll            |       |       |     6 |    19 |    11 |     9 |     8 |       ||    53
         Potion            |       |       |     1 |     3 |       |     1 |     2 |       ||     7
 Armour: Robe              |     6 |     7 |    81 |    85 |    70 |    96 |   168 |    11 ||   524
  Dodge: Dodged            |    19 |    10 |   167 |   254 |   305 |   678 |   960 |    19 ||  2412

Table legend: (Time is in decaauts)
 A = Elapsed time spent in this place.
 B = Non-inter-level travel time spent in this place.
 C = Inter-level travel time spent in this place.
 D = Time resting spent in this place.
 E = Time spent auto-exploring this place.
 F = Levels seen in this place.
 G = Mean time per level.
                   A        B        C        D        E       F      G
               +--------+--------+--------+--------+--------+-----+--------+
         Total |  75436 |  72216 |   3220 |  40874 |  19391 |  51 | 1479.1 |
       Dungeon |  11857 |  10714 |   1143 |   1822 |   6658 |  15 |  790.5 |
        Temple |     25 |      2 |     23 |      0 |      0 |   1 |   25.0 |
          Lair |   3969 |   3327 |    642 |    490 |   2231 |   5 |  793.8 |
         Swamp |   8841 |   8738 |    103 |   6440 |   1366 |   4 | 2210.2 |
   Spider Nest |  11904 |  11634 |    270 |   8934 |   1512 |   4 | 2976.0 |
    Slime Pits |   5978 |   5812 |    166 |   4019 |   1027 |   5 | 1195.6 |
  Orcish Mines |   4531 |   4332 |    199 |   2570 |   1076 |   2 | 2265.5 |
   Elven Halls |   8639 |   8427 |    212 |   6017 |   1073 |   3 | 2879.7 |
        Vaults |   8565 |   8158 |    407 |   3278 |   3115 |   5 | 1713.0 |
         Crypt |    478 |    478 |      0 |    139 |    101 |   1 |  478.0 |
        Depths |   4418 |   4369 |     49 |   2939 |    816 |   2 | 2209.0 |
        Bazaar |    170 |    170 |      0 |      0 |     89 |   1 |  170.0 |
        Bailey |   2570 |   2570 |      0 |   1546 |     63 |   1 | 2570.0 |
      Ice Cave |   2788 |   2788 |      0 |   2352 |    155 |   1 | 2788.0 |
      Gauntlet |    697 |    697 |      0 |    323 |    103 |   1 |  697.0 |
               +--------+--------+--------+--------+--------+-----+--------+

Top non-repeatable levels by time:
Spider:4: 5983 daAuts
   Elf:1: 4223 daAuts
Vaults:3: 3841 daAuts
   Orc:2: 3580 daAuts
   Elf:2: 3177 daAuts
 Swamp:4: 2895 daAuts
Spider:2: 2868 daAuts
   IceCv: 2788 daAuts
Vaults:1: 2684 daAuts
  Bailey: 2570 daAuts
Depths:1: 2453 daAuts
Spider:1: 2447 daAuts
 Swamp:2: 2223 daAuts
 Swamp:1: 1970 daAuts
Depths:2: 1965 daAuts
